 Dungeon Crawl Stone Soup version 0.21.0-34-g9234887 (webtiles) character file.

200 Mirai the Conjurer (level 5, 0/28 HPs)
             Began as a Deep Elf Conjurer on Jan 29, 2018.
             Killed from afar by an adder (25 damage)
             ... with an exploding inner flame
             ... hexed by the player character
             ... on level 3 of the Dungeon.
             The game lasted 00:15:34 (2597 turns).

Mirai the Conjurer (Deep Elf Conjurer)              Turns: 2597, Time: 00:15:35

Health: 0/28       AC:  5    Str:  5    XL:     5   Next: 49%
Magic:  0/14       EV: 13    Int: 21    God:
Gold:   114        SH:  0    Dex: 15    Spells: 6/13 levels left

rFire    . . .     SeeInvis .   e - -2 whip (curse)
rCold    . . .     Gourm    .   (no shield)
rNeg     . . .     Faith    .   a - +1 robe
rPois    +         Spirit   .   M - +0 helmet
rElec    .         Reflect  .   i - +0 cloak {rPois}
rCorr    .         Harm     .   (no gloves)
MR       .....                  (no boots)
Stlth    ++........             (no amulet)
HPRegen  0.09/turn              (no ring)
MPRegen  0.14/turn              (no ring)

@: drained
A: no striking features
a: no special abilities


You were on level 3 of the Dungeon.
You were not hungry.

You visited 1 branch of the dungeon, and saw 3 of its levels.

You collected 114 gold pieces.

Inventory:

Hand Weapons
 e - a cursed -2 whip (weapon)
 f - a +0 short sword
 g - a +3 quarterstaff of chaos
 j - a +2 mace of holy wrath
 m - a +0 short sword
 n - a cursed -1 rapier
 o - a +0 war axe
 p - a +0 dagger
 r - a +0 dagger
 t - a +0 club
 u - a +2 vampiric spear
 v - a +0 dagger
 w - a +0 mace
 y - a +0 dagger
 A - a +0 spear
 E - a +2 dagger of speed
 G - a +0 club
 H - a +0 club
 I - a +0 dagger
 J - a +0 dagger
 K - a +2 short sword of draining
 N - a cursed -3 whip
Missiles
 k - 50 bolts
 q - 75 stones (quivered)
 s - 17 arrows
 C - 19 poisoned needles
Armour
 a - a +1 robe (worn)
 i - a +0 cloak of poison resistance (worn)
 x - a +0 leather armour
 M - a +0 helmet (worn)
Scrolls
 h - a scroll of teleportation
 l - 2 scrolls of blinking
 B - a scroll of identify
Potions
 D - a potion of agility {unknown}
 F - a potion of ambrosia {unknown}
Books
 b - a book of Conjurations

   Spells                             Type                      Level
   a - Magic Dart                     Conjuration                  1
   b - Searing Ray                    Conjuration                  2
   c - Dazzling Spray                 Conjuration/Hexes            3
   d - Fulminant Prism                Conjuration/Hexes            4
   e - Force Lance                    Conjuration/Translocation    4
   f - Iskenderun's Mystic Blast      Conjuration                  4
Comestibles
 c - 4 rations
 d - 7 chunks of flesh


   Skills:
 + Level 2.8 Dodging
 + Level 3.2(3.1) Stealth
 + Level 4.9(4.8) Spellcasting
 + Level 6.2(6.1) Conjurations


You had 6 spell levels left.
You knew the following spells:

 Your Spells              Type           Power        Failure   Level  Hunger
a - Magic Dart            Conj           ####         1%          1    None
b - Searing Ray           Conj           ####..       1%          2    None
c - Iskenderun's Mystic   Conj           ####....     9%          4    ####...


Dungeon Overview and Level Annotations

Branches:
Dungeon (3/15)

Altars:
Trog

Annotations:
D:3 2 transporters


Message History

The adder is almost dead.
The adder bites you.
Casting: Magic Dart
Confirm with . or Enter, or press ? or * to list all spells.
Aiming: Magic Dart
Press: ? - help, Shift-Dir - straight line, f/p - adder
Aim: an adder (almost dead, inner flame)
The magic dart hits the adder.
The adder explodes!
The fiery explosion engulfs the orc.
The orc explodes!
The fiery explosion engulfs the orc.
The orc explodes!
The fiery explosion engulfs the orc.
The orc explodes!
The fiery explosion engulfs the orc.
The orc explodes!
The fiery explosion engulfs you!
Ouch! That really hurt!
You die...

##.##
#.....<..#####........
#...# #.....##.#
#...####. #...# #...##
#.# ########. #...#
##..## #.# #..>
#...########.......#
###.#.
#.............######
#..... ##...###.#.##..#
.# ##.####
...........##§§###.#
#..# ............§§§§@.#
#..#
............#§§#§#......
#..# ##...÷......#..#.#
.#..( #..#
#...###.....?.#.# # #
#..# #...#####..#.##..
#..# #....## #...>...#
##.....
#.....####.#..... ###.##
##......# #.####.# .#
......©........ .. #


There were no monsters in sight!

Vanquished Creatures
  Crazy Yiuf (D:2)
  Natasha (twice) (D:2)
  Robin (D:2)
  2 adders
  2 oozes
  4 worms (D:2)
  2 dart slugs (D:1)
  3 leopard geckos
  6 orcs (D:3)
  2 bats
  A giant cockroach (D:1)
  8 hobgoblins
  4 jackals
  3 quokkas (D:2)
  6 frilled lizards
  7 goblins
  4 kobolds (D:2)
  4 rats
62 creatures vanquished.

Notes
Turn   | Place    | Note
-------+----------+-------------------------------------------
     0 | D:1      | Mirai the Deep Elf Conjurer began the quest for the Orb.
     0 | D:1      | Reached XP level 1. HP: 10/10 MP: 6/6
   318 | D:1      | Reached XP level 2. HP: 15/15 MP: 6/8
   386 | D:1      | Reached skill level 5 in Conjurations
  1247 | D:1      | Learned a level 2 spell: Searing Ray
  1310 | D:2      | Found a runed door.
  1344 | D:2      | Noticed Crazy Yiuf
  1348 | D:2      | Killed Crazy Yiuf
  1348 | D:2      | Reached XP level 3. HP: 19/19 MP: 5/10
  1400 | D:2      | Noticed Natasha
  1405 | D:2      | Killed Natasha
  1405 | D:2      | Reached XP level 4. HP: 16/24 MP: 2/11
  1408 | D:2      | Found a faded altar of an unknown god.
  1502 | D:2      | Noticed Natasha
  1509 | D:2      | Killed Natasha
  1594 | D:2      | Learned a level 4 spell: Iskenderun's Mystic Blast
  1831 | D:2      | Reached skill level 6 in Conjurations
  1913 | D:2      | Reached XP level 5. HP: 28/28 MP: 1/13
  2117 | D:2      | You fall through a shaft!
  2187 | D:2      | Noticed Robin
  2193 | D:2      | Killed Robin
  2418 | D:3      | Found a bloodstained altar of Trog.
  2509 | D:3      | Found a transporter.
  2512 | D:3      | Found a transporter.
  2597 | D:3      | Killed from afar by an adder

Skill      XL: |  1  2  3  4 |
---------------+-------------+-----
Conjurations   | 5 6 |  6.2
Spellcasting   | 4 |  4.9
Stealth        | 3 |  3.2
Dodging        | |  2.8

Action                   |  1- 3 |  4- 6 || total
-------------------------+-------+-------++-------
Melee: Whip              |     2 |     7 ||     9
 Cast: Magic Dart        |    44 |    49 ||    93
       Searing Ray       |     5 |     7 ||    12
       Iskenderun's Myst |       |     7 ||     7
  Use: Scroll            |     7 |     2 ||     9
       Potion            |     2 |       ||     2
  Eat: Ration            |     1 |       ||     1
       Chunk             |       |     3 ||     3
Armor: Robe              |     5 |     9 ||    14
Dodge: Dodged            |    10 |    32 ||    42
